Get step-by-step instructions on how to execute this build order below. Start the game timer, and the build order will tick by so you can play in parallel with StarCraft on a second screen or mobile device.

Game Time

  0:00

Last Step

  N/A

Next Step

Upcoming Step



Don't want to look back and forth between 2 screens? Try out our Overwolf App, the Spawning Tool Build Advisor to get an in-game overlay with this build!

Complete Build Order

  12  0:00  Probe  
  13  0:12  Probe  
  14  0:17  Pylon  
  14  0:24  Probe  
  15  0:35  Gateway  
  15  0:36  Probe (Chrono Boost)  
  16  0:45  Probe (Chrono Boost)  
  16  0:46  Assimilator  
  17  0:51  Probe (Chrono Boost)  
  18  1:03  Probe  
  19  1:15  Probe  
  20  1:22  Cybernetics Core  
  20  1:32  Nexus  
  20  1:38  Pylon  
  20  1:41  Probe  
  21  1:49  Assimilator  
  21  1:53  Probe  
  22  1:55  Adept (Chrono Boost)  
  22  1:59  Warp Gate  
  24  2:05  Probe  
  25  2:15  Stalker (Chrono Boost)  
  25  2:17  Probe  
  28  2:29  Probe  
  29  2:32  Twilight Council  
  29  2:40  Stalker  
  29  2:43  Probe  
  29  2:44  Probe  
  33  2:56  Probe (Chrono Boost)  
  33  2:57  Probe (Chrono Boost)  
  35  3:00  Gateway  
  35  3:08  Probe (Chrono Boost)  
  37  3:13  Robotics Facility, Probe (Chrono Boost)  
  37  3:15  Probe (Chrono Boost)  
  39  3:20  Probe (Chrono Boost)  
  39  3:21  Pylon  
  39  3:22  Probe (Chrono Boost)  
  40  3:27  Blink  
  41  3:36  Probe (Chrono Boost)  
  41  3:37  Pylon  
  41  3:38  Probe (Chrono Boost)  
  42  3:42  Probe (Chrono Boost)  
  42  3:45  Probe (Chrono Boost)  
  42  3:47  Stalker  
  46  3:55  Stalker  
  48  3:57  Probe  
  47  4:10  Probe x2 (Chrono Boost)  
  47  4:13  Nexus  
  47  4:20  Probe (Chrono Boost)  
  47  4:21  Observer (Chrono Boost)  
  47  4:22  Probe (Chrono Boost)  
  47  4:23  Pylon  
  50  4:25  Probe (Chrono Boost)  
  50  4:31  Probe  
  52  4:33  Observer (Chrono Boost)  
  52  4:36  Probe  
  52  4:37  Assimilator  
  54  4:38  Assimilator  
  54  4:41  Robotics Bay  
  54  4:42  Forge  
  54  4:48  Probe  
  54  4:49  Pylon  
  54  4:51  Probe (Chrono Boost)  
  56  5:00  Probe (Chrono Boost)  
  58  5:08  Probe (Chrono Boost)  
  58  5:09  Probe (Chrono Boost)  
  58  5:11  Gateway x2  
  58  5:13  Protoss Ground Weapons Level 1 (Chrono Boost)  
  59  5:14  Probe x2 (Chrono Boost)  
  60  5:22  Shield Battery  
  60  5:26  Colossus (Chrono Boost), Probe x2  
  62  5:28  Charge  
  62  5:34  Probe  
  69  5:38  Gateway  
  69  5:40  Gateway  
  69  5:43  Extended Thermal Lance  
  69  5:46  Probe x2  
  71  5:50  Probe  
  72  5:58  Probe  
  72  5:59  Probe  
  72  6:02  Probe  
  72  6:03  Stalker x2  
  72  6:11  Colossus (Chrono Boost)  
  72  6:12  Probe (Chrono Boost)  
  72  6:13  Probe (Chrono Boost)  
  80  6:18  Probe (Chrono Boost)  
  80  6:23  Sentry  
  83  6:27  Probe x2 (Chrono Boost)  
  83  6:29  Probe (Chrono Boost)  
  85  6:34  Probe  
  85  6:35  Nexus  
  85  6:36  Pylon  
  86  6:40  Probe  
  86  6:41  Probe  
  86  6:46  Probe  
  89  6:50  Colossus (Chrono Boost)  
  89  6:53  Gateway x2  
  95  6:55  Probe  
  95  6:56  Probe  
  95  6:59  Zealot x2  
  101  7:03  Templar Archives  
  101  7:06  Protoss Ground Weapons Level 2 (Chrono Boost)  
  101  7:07  Pylon  
  101  7:09  Pylon  
  101  7:15  Pylon  
  101  7:19  Shield Battery  
  101  7:25  Probe x3  
  104  7:31  Zealot x6  
  104  7:35  Immortal (Chrono Boost)  
  116  7:37  Probe  
  121  7:44  Pylon  
  121  7:45  Pylon  
  121  7:48  Gateway  
  121  7:49  Gateway  
  121  7:53  Probe (Chrono Boost)  
  121  7:57  Probe (Chrono Boost)  
  121  7:58  Probe x2 (Chrono Boost)  
  125  8:04  Probe (Chrono Boost)  
  124  8:06  Stalker  
  124  8:07  Stalker x4  
  134  8:13  Probe  
  134  8:14  Immortal (Chrono Boost)  
  139  8:20  Zealot x3  
  139  8:26  Probe  
  146  8:28  Pylon  
  146  8:29  Pylon  
  146  8:31  High Templar  
  146  8:32  High Templar  
  150  8:34  Probe  
  150  8:36  Archon  
  151  8:42  Warp Prism (Chrono Boost)  
  151  8:46  Zealot x5  
  163  8:51  High Templar x2  
  163  8:52  Zealot  
  163  8:55  Archon  
  169  9:06  Photon Cannon, Pylon  
  169  9:07  Assimilator, Pylon  
  169  9:09  Assimilator  
  169  9:18  Pylon  
  169  9:20  Pylon  
  169  9:22  Forge  
  167  9:30  High Templar x2  
  167  9:31  Zealot x7  
  175  9:32  Zealot  
  175  9:35  Archon  
  167  9:51  Zealot x3